[Event "ICC tourney 2802 (60 5)"]
[Site "Internet Chess Club"]
[Date "2022.01.23"]
[Round "4"]
[White "RAIFE, ASHOK:ashokbidani"]
[Black "YUAN, ETHAN:Knighthhhh"]
[Result "1-0"]
[ICCResult "Black checkmated"]
[WhiteElo "1644"]
[BlackElo "1260"]
[Opening "Queen's bishop game"]
[ECO "D00"]
[NIC "QP.08"]
[Time "11:00:19"]
[PlyCount "93"]
[TimeControl "3600+5"]

1. d4 d5 2. Bf4 Nf6 3. Nf3 Bf5 4. e3 e6 5. c4 c6 6. Nc3 Bd6 7. Ne5 O-O 8.
Be2 Qe7 9. g4 Be4 10. Rg1 Nbd7 11. h4 c5 12. f3 cxd4 13. exd4 Bxf3 14. Bxf3
dxc4 15. g5 Nd5 16. Bxd5 exd5 17. Qe2 Bb4 18. O-O-O Nxe5 19. Bxe5 Bxc3 20.
bxc3 Qa3+ 21. Qb2 Qa6 22. h5 b5 23. h6 g6 24. Rgf1 Qb7 25. Qf2 f5 26. gxf6
Rf7 27. Bd6 Rd8 28. Bb4 Qb6 29. Rde1 a5 30. Bc5 Qb8 31. a3 Rc8 32. Re7 Rcf8
33. Re6 Rc8 34. Rb6 Qc7 35. Rxb5 Ra8 36. Re1 Rd8 37. Re7 Qc6 38. Rxa5 Rxf6
39. Qe3 Rdf8 40. Rg7+ Kh8 41. Bxf8 Rf1+ 42. Kd2 g5 43. Raa7 Rd1+ 44. Kxd1
Qa4+ 45. Rxa4 g4 46. Qe6 g3 47. Qg8# {Black checkmated} 1-0

[Event "ICC tourney 2802 (60 5)"]
[Site "Internet Chess Club"]
[Date "2022.01.23"]
[Round "4"]
[White "Liao, Connor:che2468"]
[Black "LIU, JOSHUA:chessmaster0981"]
[Result "0-1"]
[ICCResult "White resigns"]
[WhiteElo "1511"]
[BlackElo "1654"]
[Opening "Queen's pawn game"]
[ECO "D05"]
[NIC "QP.08"]
[Time "11:01:08"]
[PlyCount "52"]
[TimeControl "3600+5"]

1. d4 d5 2. Nf3 Nf6 3. e3 e6 4. b3 c5 5. Bb2 Nc6 6. Bd3 Bd6 7. O-O O-O 8. a3
b6 9. Nbd2 Bb7 10. Ne5 Rc8 11. f4 Ne7 12. Ndf3 Ne4 13. g4 f6 14. Bxe4 dxe4
15. Nh4 fxe5 16. fxe5 Bb8 17. g5 Nd5 18. Qg4 Qe7 19. g6 h6 20. Rf7 Qg5 21.
Rxf8+ Rxf8 22. h3 Nxe3 23. Qxg5 hxg5 24. Ng2 Nxg2 25. Kxg2 e3+ 26. Kg1 Rf2
{White resigns}
0-1

[Event "ICC tourney 2802 (60 5)"]
[Site "Internet Chess Club"]
[Date "2022.01.23"]
[Round "4"]
[White "DALONZO, JONATHAN:JDD01"]
[Black "AMMASANI, SMAYAN:Chessamma"]
[Result "1-0"]
[ICCResult "Black checkmated"]
[WhiteElo "1649"]
[BlackElo "1546"]
[Opening "Sicilian: Najdorf, Byrne (English) attack"]
[ECO "B90"]
[NIC "SI.14"]
[Time "11:00:17"]
[PlyCount "89"]
[TimeControl "3600+5"]

1. e4 c5 2. Nf3 d6 3. d4 cxd4 4. Nxd4 Nf6 5. Nc3 a6 6. Be3 e5 7. Nf3 b5 8.
a4 b4 9. Nd5 Nbd7 10. Nxb4 Bb7 11. Bc4 Nxe4 12. O-O Be7 13. Bd5 Bxd5 14.
Qxd5 Nef6 15. Qd2 Qc7 16. Rfd1 O-O 17. Ne1 Qb7 18. f3 Rac8 19. b3 Rfd8 20.
Rab1 Nf8 21. c4 Ne6 22. Nec2 Nc5 23. Nd5 Nxd5 24. Qxd5 Qxd5 25. Rxd5 Rb8 26.
Bxc5 dxc5 27. Rxe5 Rd2 28. Rxe7 Rxc2 29. Rbe1 h6 30. Re8+ Rxe8 31. Rxe8+ Kh7
32. Rc8 Rb2 33. Rxc5 Rxb3 34. Kf2 Rb4 35. a5 Ra4 36. h4 Kg6 37. g4 f6 38.
Ke3 Kh7 39. h5 Kg8 40. Ke4 Kf7 41. Kf5 g5 42. hxg6+ Kg7 43. Rc7+ Kg8 44.
Kxf6 Kf8 45. Rc8# {Black checkmated} 1-0

[Event "ICC tourney 2802 (60 5)"]
[Site "Internet Chess Club"]
[Date "2022.01.23"]
[Round "4"]
[White "Karthi, Jashith:jazzk"]
[Black "GUO, ELLA:SunnyCountry"]
[Result "1/2-1/2"]
[ICCResult "Game drawn by mutual agreement"]
[WhiteElo "1392"]
[BlackElo "1324"]
[Opening "QGD semi-Slav"]
[ECO "D43"]
[NIC "SL.03"]
[Time "11:20:32"]
[PlyCount "57"]
[TimeControl "3600+5"]

1. d4 d5 2. c4 c6 3. Nc3 Nf6 4. Nf3 e6 5. Bf4 Bd6 6. Bxd6 Qxd6 7. e3 a6 8.
Bd3 Nbd7 9. O-O O-O 10. c5 Qc7 11. b4 b6 12. cxb6 Qxb6 13. a3 Re8 14. Na4
Qc7 15. Nc5 Nxc5 16. bxc5 a5 17. Rb1 Ba6 18. Rb6 Bxd3 19. Qxd3 Nd7 20. Rb2
Reb8 21. Rfb1 Rxb2 22. Rxb2 Rb8 23. Qc3 h6 24. h3 f6 25. a4 Kf7 26. Rxb8
Nxb8 27. Nd2 Na6 28. Nb3 Nb4 29. Nc1 {Game drawn by mutual agreement}
1/2-1/2

[Event "ICC tourney 2802 (60 5)"]
[Site "Internet Chess Club"]
[Date "2022.01.23"]
[Round "4"]
[White "SILVESTRE, ROMULO:visionaryman"]
[Black "SEBBA, AMITAI:Amitai"]
[Result "0-1"]
[ICCResult "White resigns"]
[WhiteElo "1668"]
[BlackElo "1637"]
[Opening "Queen's pawn: London system"]
[ECO "A45"]
[NIC "QP.07"]
[Time "11:00:24"]
[PlyCount "55"]
[TimeControl "3600+5"]

1. d4 Nf6 2. Bf4 g6 3. e3 Bg7 4. Be2 d5 5. h4 c5 6. h5 Nc6 7. c3 cxd4 8.
exd4 Nd7 9. Bf3 Nb6 10. Nd2 Bf5 11. h6 Bf6 12. g4 Bc8 13. Qe2 O-O 14. a4 e5
15. dxe5 Nxe5 16. O-O-O Nxf3 17. Qxf3 Nxa4 18. Nc4 Be6 19. Ne3 Qb6 20. Rd2
d4 21. cxd4 Bxd4 22. Ne2 Bxb2+ 23. Kd1 Nc3+ 24. Ke1 Nxe2 25. Rxe2 Bd7 26.
Nc4 Qb4+ 27. Nd2 Bc6 28. Qh3 {White resigns} 0-1

[Event "ICC tourney 2802 (60 5)"]
[Site "Internet Chess Club"]
[Date "2022.01.23"]
[Round "4"]
[White "RADHAKRISHNAN, SHARATH:Sharathrk5"]
[Black "LIU, ETHAN:soggydollar"]
[Result "1-0"]
[ICCResult "Black resigns"]
[WhiteElo "1528"]
[BlackElo "1724"]
[Opening "Dutch defense, Rubinstein variation"]
[ECO "A84"]
[NIC "HD.10"]
[Time "11:00:17"]
[PlyCount "97"]
[TimeControl "3600+5"]

1. d4 f5 2. c4 e6 3. Nc3 Nf6 4. Bg5 Be7 5. e3 O-O 6. Nf3 d6 7. Bd3 b6 8. O-O
Bb7 9. Re1 h6 10. Bxf6 Bxf6 11. e4 fxe4 12. Bxe4 Bxe4 13. Rxe4 Qd7 14. Qe2
Nc6 15. Re1 Rf7 16. d5 exd5 17. cxd5 Ne7 18. Re6 Raf8 19. Qe4 g6 20. Rxf6
Rxf6 21. Qxe7 Qg4 22. Qe4 h5 23. h3 Qd7 24. Qe7 Qxe7 25. Rxe7 R6f7 26. Re6
Kg7 27. Ng5 Rd7 28. h4 a6 29. g3 b5 30. a3 Rf5 31. f4 Rf8 32. Kf2 Rc8 33.
Nce4 Rf8 34. Ke3 a5 35. Kd4 Rf5 36. Nf3 Rf8 37. b3 Rc8 38. Nfg5 c5+ 39. Kc3
Rcd8 40. Rf6 Re8 41. Rxd6 Rxd6 42. Nxd6 Re3+ 43. Kc2 b4 44. Nc4 Rxg3 45. d6
Kf8 46. Ne6+ Ke8 47. Ne5 Rg2+ 48. Kd3 Rg3+ 49. Ke4 {Black resigns} 1-0

[Event "ICC tourney 2802 (60 5)"]
[Site "Internet Chess Club"]
[Date "2022.01.23"]
[Round "4"]
[White "HOSSAIN, AZHER:Azher2009"]
[Black "S.M, UMER:uncrackable"]
[Result "1/2-1/2"]
[ICCResult "Game drawn by mutual agreement"]
[WhiteElo "1799"]
[BlackElo "1794"]
[Opening "King's Indian: orthodox, Aronin-Taimanov, bayonet attack"]
[ECO "E97"]
[NIC "KI.05"]
[Time "11:00:22"]
[PlyCount "80"]
[TimeControl "3600+5"]

1. Nf3 Nf6 2. c4 g6 3. Nc3 Bg7 4. e4 d6 5. d4 O-O 6. Be2 e5 7. O-O Nc6 8. d5
Ne7 9. b4 a5 10. bxa5 c5 11. Nd2 Rxa5 12. a4 Ne8 13. Nb3 Ra6 14. f3 f5 15.
Kh1 f4 16. Qe1 g5 17. g4 h5 18. h3 hxg4 19. hxg4 Kf7 20. Kg2 Ng6 21. Bd3 Nf6
22. Rg1 Rh8 23. Be2 Rh4 24. Rh1 Qh8 25. Bd2 Bd7 26. Qg1 Qc8 27. Rxh4 Nxh4+
28. Kf2 Bf8 29. Bd1 Be7 30. Be2 Ra8 31. Bd1 Qc7 32. Be2 Rh8 33. Qh2 Qc8 34.
Rh1 Rh7 35. Qg1 Qh8 36. Nc1 Bd8 37. Nb3 Bc7 38. Nb5 Bb8 39. Nc3 Qc8 40. Bd1
Bc7 {Game drawn by mutual agreement} 1/2-1/2

[Event "ICC tourney 2802 (60 5)"]
[Site "Internet Chess Club"]
[Date "2022.01.23"]
[Round "4"]
[White "SHANKAR, AASHRITHA VIDHYA:aashushankar"]
[Black "LODH, ANJALI:ChessHawk8"]
[Result "1/2-1/2"]
[ICCResult "Game drawn by mutual agreement"]
[WhiteElo "1403"]
[BlackElo "1537"]
[Opening "Sicilian: Nimzovich-Rossolimo attack (without ...d6)"]
[ECO "B30"]
[NIC "SI.31"]
[Time "11:01:08"]
[PlyCount "60"]
[TimeControl "3600+5"]

1. e4 c5 2. Nf3 Nc6 3. Bb5 e6 4. O-O Nf6 5. Re1 Be7 6. Nc3 a6 7. Bf1 d5 8.
exd5 exd5 9. d4 O-O 10. dxc5 Bxc5 11. Bg5 Qb6 12. Bh4 Ne4 13. Nxe4 dxe4 14.
Rxe4 Qxb2 15. Bd3 Nd4 16. a4 Nxf3+ 17. gxf3 Qb6 18. Kg2 Bf5 19. Re2 Qg6+ 20.
Kh1 Bxd3 21. Qxd3 Qxd3 22. cxd3 b5 23. axb5 axb5 24. Rb1 b4 25. Kg2 Rfe8 26.
Rxe8+ Rxe8 27. d4 Bxd4 28. Rxb4 Bc5 29. Rb2 h6 30. f4 Bd6
{Game drawn by mutual agreement}
1/2-1/2

[Event "ICC tourney 2802 (60 5)"]
[Site "Internet Chess Club"]
[Date "2022.01.23"]
[Round "4"]
[White "Vishwa, Susheel:sushivishwa"]
[Black "LAUSER, JESSICA T:Shakhmatova"]
[Result "1-0"]
[ICCResult "Black resigns"]
[WhiteElo "1796"]
[BlackElo "1623"]
[Opening "QP counter-gambit (elephant gambit)"]
[ECO "C40"]
[NIC "KP.10"]
[Time "11:00:22"]
[PlyCount "83"]
[TimeControl "3600+5"]

1. e4 e5 2. Nf3 d5 3. Nxe5 dxe4 4. d4 Bd6 5. Nc4 Be7 6. Bf4 Nf6 7. Ne3 c6 8.
Bc4 Nbd7 9. O-O Nb6 10. Bb3 O-O 11. c3 Nfd5 12. Nxd5 Nxd5 13. Bg3 Be6 14.
Qe2 f5 15. Be5 Qd7 16. f3 exf3 17. Qxf3 b5 18. Nd2 Nb6 19. Qg3 g6 20. Nf3
Bxb3 21. axb3 Nd5 22. b4 f4 23. Qf2 Ne3 24. Rfe1 Ng4 25. Qd2 Nxe5 26. Rxe5
Bd6 27. Re4 Rf5 28. Qe1 Raf8 29. Re6 R8f7 30. Re8+ Kg7 31. Qe6 R5f6 32. Qxd7
Rxd7 33. Ra8 Rff7 34. Ra6 Rc7 35. d5 Rfe7 36. Kf2 Kh6 37. dxc6 g5 38. Nd4
Re5 39. R8xa7 Rc8 40. c7 Rd5 41. Rxd6+ Rxd6 42. Nf5+ {Black resigns} 1-0

[Event "ICC tourney 2802 (60 5)"]
[Site "Internet Chess Club"]
[Date "2022.01.23"]
[Round "4"]
[White "GEVORGYAN, DAVIT:Davo29"]
[Black "SARAFUDINOV, ANDREY:whyyoutrysohard"]
[Result "0-1"]
[ICCResult "White checkmated"]
[WhiteElo "1761"]
[BlackElo "1498"]
[Opening "Sicilian: Canal-Sokolsky attack, 3...Bd7"]
[ECO "B52"]
[NIC "SI.01"]
[Time "11:00:27"]
[PlyCount "84"]
[TimeControl "3600+5"]

1. e4 c5 2. Nf3 d6 3. Bb5+ Bd7 4. Bxd7+ Nxd7 5. O-O Ngf6 6. Qe2 g6 7. Nc3
Bg7 8. d3 O-O 9. Bd2 Nb8 10. e5 dxe5 11. Nxe5 e6 12. Bg5 Qc7 13. Bf4 Nh5 14.
g3 Nxf4 15. gxf4 a6 16. a4 Nc6 17. Nxc6 Qxc6 18. Qe4 Qc7 19. Nd1 Rfd8 20. f5
exf5 21. Qf3 Be5 22. Qg2 Rd4 23. Ne3 Rad8 24. Nxf5 R4d5 25. Ne3 Rd4 26. Rae1
Rh4 27. h3 Qc8 28. Ng4 Bd6 29. Re3 Kg7 30. Rf3 h5 31. Ne3 Rf4 32. Rxf4 Bxf4
33. Qf3 Bh6 34. Kh1 Rd4 35. Rg1 Rf4 36. Qg3 Rxa4 37. Nd5 Qf5 38. c4 b5 39.
b3 Ra2 40. f4 Rb2 41. Ne7 Qxf4 42. Qe1 Qh2# {White checkmated} 0-1

[Event "ICC tourney 2802 (60 5)"]
[Site "Internet Chess Club"]
[Date "2022.01.23"]
[Round "4"]
[White "XIA, JOSHUA:MathMonkey"]
[Black "AYYAPPAN, SANTHOSH:SanthoshA"]
[Result "1/2-1/2"]
[ICCResult "Game drawn by repetition"]
[WhiteElo "1414"]
[BlackElo "1643"]
[Opening "Ruy Lopez: closed"]
[ECO "C90"]
[NIC "RL.19"]
[Time "11:00:16"]
[PlyCount "183"]
[TimeControl "3600+5"]

1. e4 e5 2. Nf3 Nc6 3. Bb5 a6 4. Ba4 Nf6 5. O-O Be7 6. Re1 b5 7. Bb3 d6 8.
c3 Na5 9. Bc2 c5 10. d4 Qc7 11. d5 Nc4 12. b3 Nb6 13. Nbd2 O-O 14. c4 Bg4
15. h3 Bh5 16. g4 Bg6 17. Nh2 h5 18. f3 Bh7 19. Kh1 g6 20. Rg1 Kh8 21. Bb2
Nfd7 22. gxh5 gxh5 23. f4 h4 24. fxe5 dxe5 25. Qh5 Qd6 26. Nhf3 Bf6 27. Qh6
Qe7 28. Rg4 Rg8 29. Rag1 Rxg4 30. Rxg4 Rg8 31. Rxg8+ Kxg8 32. Bd3 b4 33. Nf1
Nc8 34. Qh5 Nd6 35. Qg4+ Kh8 36. Bc1 Nf8 37. Ng5 Ng6 38. Qh5 Bxg5 39. Bxg5
f6 40. Be3 Nf4 41. Bxf4 exf4 42. e5 Qf7 43. Qxh4 fxe5 44. Bxh7 Qxh7 45. Qd8+
Kg7 46. Qxd6 Qxh3+ 47. Nh2 Qe3 48. Qd7+ Kf8 49. Qf5+ Ke8 50. Qg6+ Kd7 51.
Qf7+ Kd8 52. Qf8+ Kd7 53. Qf5+ Kd8 54. Qg5+ Kd7 55. Qg7+ Kd8 56. Qf6+ Kd7
57. Qe6+ Kd8 58. Qd6+ Ke8 59. Qb8+ Kd7 60. Qb7+ Ke8 61. Qc6+ Kd8 62. Qf6+
Kd7 63. Qf5+ Kd8 64. Qb1 f3 65. Qf1 e4 66. Qg1 f2 67. Qg8+ Kd7 68. Qf7+ Kd8
69. Kg2 Qd2 70. Qf8+ Kd7 71. Qf7+ Kd8 72. Qf8+ Kd7 73. Qf5+ Kd8 74. Qxe4
f1=Q+ 75. Kxf1 Qxh2 76. Qg2 Qf4+ 77. Kg1 Qc1+ 78. Kh2 Qh6+ 79. Kg3 Qg5+ 80.
Kf3 Qf5+ 81. Ke3 Qe5+ 82. Kd3 Qf5+ 83. Qe4 Qf1+ 84. Ke3 Qe1+ 85. Kf4 Qh4+
86. Ke5 Qe7+ 87. Kf4 Qh4+ 88. Ke5 Qe7+ 89. Kf4 Qh4+ 90. Ke5 Qe7+ 91. Kf4
Qh4+ 92. Ke5 {Game drawn by repetition} 1/2-1/2

[Event "ICC tourney 2802 (60 5)"]
[Site "Internet Chess Club"]
[Date "2022.01.23"]
[Round "4"]
[White "ORYE, MATTHEW:GrandWizard"]
[Black "MISRA, PRAGYAN:SoaringHawk24"]
[Result "0-1"]
[ICCResult "White forfeits on time"]
[WhiteElo "1669"]
[BlackElo "1498"]
[Opening "Center game: Paulsen attack"]
[ECO "C22"]
[NIC "KP.04"]
[Time "11:00:55"]
[PlyCount "128"]
[TimeControl "3600+5"]

1. e4 e5 2. d4 exd4 3. Qxd4 Nc6 4. Qe3 d6 5. Bd3 Nf6 6. f4 Be7 7. Nf3 O-O 8.
Qg1 Nb4 9. Nc3 Nxd3+ 10. cxd3 d5 11. Be3 dxe4 12. dxe4 Bb4 13. Rd1 Qe7 14.
e5 Ne4 15. Rd4 Nxc3 16. a3 Ba5 17. Bd2 Nb5 18. Bxa5 Nxd4 19. Qxd4 b6 20. Bc3
c5 21. Qe4 Bb7 22. Qf5 Bxf3 23. gxf3 Qe6 24. Qe4 Rad8 25. f5 Qh6 26. Rg1
Qxh2 27. Qg4 Qh6 28. f4 Rd3 29. e6 f6 30. Ke2 Rh3 31. Ke1 Rh1 32. Rxh1 Qxh1+
33. Kf2 Qh2+ 34. Ke3 Kh8 35. Qf3 Qg1+ 36. Kd3 Qb1+ 37. Kc4 Qxf5 38. Qc6
Qxf4+ 39. Kb3 Qb8 40. e7 Re8 41. Qd7 Qc8 42. Qd6 Qb7 43. Bxf6 gxf6 44. Qxf6+
Kg8 45. Qg5+ Kf7 46. Qh5+ Ke6 47. Qxe8 Qxe7 48. Qc6+ Kf7 49. Qf3+ Qf6 50.
Qh5+ Qg6 51. Qf3+ Kg7 52. Qc3+ Kg8 53. Qe5 Qf7+ 54. Kc2 Qg6+ 55. Kc1 Qg1+
56. Kc2 Qf2+ 57. Kb3 Qf7+ 58. Kc2 h5 59. Qg5+ Kh7 60. Qh4 Kh6 61. Kb1 Qf5+
62. Ka2 Qe6+ 63. Ka1 Kg6 64. Qg3+ Qg4 {White forfeits on time} 0-1

[Event "ICC tourney 2802 (60 5)"]
[Site "Internet Chess Club"]
[Date "2022.01.23"]
[Round "4"]
[White "SLAGLE, JIM:Jim1108"]
[Black "Sriram, Pragyan:pryoda"]
[Result "1/2-1/2"]
[ICCResult "Game drawn by mutual agreement"]
[WhiteElo "1664"]
[BlackElo "1362"]
[Opening "Polish (Sokolsky) opening"]
[ECO "A00"]
[NIC "VO.10"]
[Time "11:00:43"]
[PlyCount "102"]
[TimeControl "3600+5"]

1. b4 e5 2. Bb2 Bxb4 3. Bxe5 Nf6 4. c4 Be7 5. e3 Nc6 6. Bb2 d5 7. cxd5 Qxd5
8. Nc3 Qa5 9. Nf3 Bf5 10. a3 h6 11. Be2 O-O 12. O-O Rad8 13. d4 Ne4 14. Qc1
Bg6 15. Nxe4 Bxe4 16. Nd2 Bg6 17. Bf3 Bf6 18. Bxc6 bxc6 19. Bc3 Qd5 20. Bb4
Rfe8 21. Qc3 Ra8 22. Ba5 c5 23. Qb3 Qxb3 24. Nxb3 cxd4 25. exd4 c5 26. Nxc5
Bxd4 27. Rac1 Rac8 28. Na4 Rxc1 29. Rxc1 Re2 30. Bc3 Bxf2+ 31. Kh1 Kh7 32.
Bb4 Rc2 33. Rxc2 Bxc2 34. Nc3 Bf5 35. g3 Bd4 36. Kg2 Bxc3 37. Bxc3 Bd3 38.
Kf3 Kg6 39. Kf4 f6 40. h4 h5 41. Bb4 a6 42. a4 Bc2 43. a5 Ba4 44. Bf8 Bd1
45. Bb4 Be2 46. Bf8 Kf7 47. Bb4 Ke6 48. Bf8 g6 49. Bb4 Bb5 50. Bc3 Be2 51.
Bd4 Bb5 {Game drawn by mutual agreement} 1/2-1/2

[Event "ICC tourney 2802 (60 5)"]
[Site "Internet Chess Club"]
[Date "2022.01.23"]
[Round "4"]
[White "Dixon, Javier:JavierDix"]
[Black "JIMENEZ, LUIS A:eltuna"]
[Result "0-1"]
[ICCResult "White forfeits on time"]
[WhiteElo "1304"]
[BlackElo "1519"]
[Opening "Queen's pawn game"]
[ECO "D02"]
[NIC "QP.08"]
[Time "11:00:20"]
[PlyCount "110"]
[TimeControl "3600+5"]

1. d4 d5 2. Nf3 c6 3. c3 Nf6 4. Bf4 Bf5 5. e3 e6 6. Nbd2 Bd6 7. Ne5 O-O 8.
Ndf3 Qc7 9. Bd3 Ne4 10. g4 Bg6 11. Nxg6 hxg6 12. Ne5 Nd7 13. Nxd7 Qxd7 14.
Bxd6 Nxd6 15. Qc2 b6 16. f3 c5 17. dxc5 bxc5 18. e4 d4 19. c4 e5 20. h4 f6
21. h5 g5 22. a3 Rab8 23. Rb1 a5 24. Qd2 a4 25. Qd1 Rb6 26. Bc2 Ra8 27. Qe2
Rab8 28. Bd3 Nf7 29. Rh2 Nd8 30. Qd2 Ne6 31. Bc2 Rxb2 32. Rxb2 Rxb2 33. Qc1
Qb7 34. Rd2 Nf4 35. Kf2 d3 36. Bxa4 Rxd2+ 37. Qxd2 Qa6 38. Qd1 Qd6 39. Qa1
d2 40. Bc2 Kf8 41. Ke3 Ke7 42. Qc3 d1=N+ 43. Bxd1 Qxd1 44. Qd2 Qg1+ 45. Qf2
Qxf2+ 46. Kxf2 Kd6 47. Ke3 Kc6 48. Kd2 Kb6 49. Kc3 Ka5 50. Kb3 Nd3 51. Kc3
Ne1 52. f4 gxf4 53. Kd2 Nf3+ 54. Ke2 Ng5 55. Kd3 Ka4 {White forfeits on
time} 0-1

[Event "ICC tourney 2802 (60 5)"]
[Site "Internet Chess Club"]
[Date "2022.01.23"]
[Round "5"]
[White "MISRA, PRAGYAN:SoaringHawk24"]
[Black "RAIFE, ASHOK:ashokbidani"]
[Result "1-0"]
[ICCResult "Black resigns"]
[WhiteElo "1498"]
[BlackElo "1644"]
[Opening "Sicilian: dragon, Yugoslav attack, Rauser variation"]
[ECO "B76"]
[NIC "SI.17"]
[Time "14:02:06"]
[PlyCount "39"]
[TimeControl "3600+5"]

1. e4 c5 2. Nf3 d6 3. d4 cxd4 4. Nxd4 Nf6 5. Nc3 g6 6. Be3 Bg7 7. f3 Nc6 8.
Qd2 O-O 9. O-O-O a6 10. g4 Nxd4 11. Bxd4 Be6 12. Kb1 Qa5 13. h4 Rfc8 14. h5
b5 15. hxg6 b4 16. Nd5 Nxd5 17. exd5 Bxd5 18. gxh7+ Kh8 19. Bxg7+ Kxg7 20.
Qxd5 {Black resigns} 1-0

[Event "ICC tourney 2802 (60 5)"]
[Site "Internet Chess Club"]
[Date "2022.01.23"]
[Round "5"]
[White "Sriram, Pragyan:pryoda"]
[Black "Mehta, Dhairya  M:Chesschamp27"]
[Result "1-0"]
[ICCResult "Black resigns"]
[WhiteElo "1362"]
[BlackElo "1529"]
[Opening "Caro-Kann: classical, Spassky variation"]
[ECO "B18"]
[NIC "CK.12"]
[Time "14:00:12"]
[PlyCount "59"]
[TimeControl "3600+5"]

1. e4 c6 2. d4 d5 3. Nc3 dxe4 4. Nxe4 Bf5 5. Ng3 Bg6 6. Nf3 Nd7 7. h4 h6 8.
h5 Bh7 9. Bd3 Bxd3 10. Qxd3 Ngf6 11. Bd2 e6 12. O-O-O Bd6 13. Ne4 Nxe4 14.
Qxe4 Nf6 15. Qe2 Qb6 16. c4 Qa6 17. Kb1 O-O-O 18. Bc3 c5 19. dxc5 Bxc5 20.
Ne5 Rxd1+ 21. Rxd1 Rf8 22. g4 b6 23. f3 Qb7 24. Qd3 Be7 25. Qe2 Bc5 26. b4
Be7 27. a3 Kb8 28. Kb2 Ka8 29. Qd3 Rd8 30. Qxd8+ {Black resigns} 1-0

[Event "ICC tourney 2802 (60 5)"]
[Site "Internet Chess Club"]
[Date "2022.01.23"]
[Round "5"]
[White "WAKIDA, KEN:Yamato1945"]
[Black "HAMLETT, JAMES MORRISON:Hamlett144"]
[Result "1-0"]
[ICCResult "Black checkmated"]
[WhiteElo "1617"]
[BlackElo "1276"]
[Opening "Queen's pawn game"]
[ECO "E20"]
[NIC "QP.07"]
[Time "14:00:47"]
[PlyCount "69"]
[TimeControl "3600+5"]

1. d4 Nf6 2. c4 e6 3. Nc3 b6 4. e4 Bb4 5. Bg5 h6 6. Bxf6 gxf6 7. Nf3 Bb7 8.
Bd3 Bxc3+ 9. bxc3 Qe7 10. Qe2 d6 11. Bc2 Rg8 12. g3 Nd7 13. Qe3 Qf8 14. a4
a5 15. Kd2 Qg7 16. Rab1 Ba6 17. Bd3 O-O-O 18. Kc2 e5 19. c5 Bb7 20. cxb6
Nxb6 21. Bb5 Qg6 22. d5 Nxd5 23. Qe1 Nb6 24. Bd3 Nd7 25. Nh4 Qh7 26. Nf5
Rde8 27. Bb5 Nc5 28. f3 c6 29. Nxd6+ Kc7 30. Nxe8+ Rxe8 31. Bc4 f5 32. Qe3
Nxa4 33. Qa7 fxe4 34. Rxb7+ Kd6 35. Rd1# {Black checkmated} 1-0

[Event "ICC tourney 2802 (60 5)"]
[Site "Internet Chess Club"]
[Date "2022.01.23"]
[Round "5"]
[White "LAUSER, JESSICA T:Shakhmatova"]
[Black "Liao, Connor:che2468"]
[Result "1-0"]
[ICCResult "Black checkmated"]
[WhiteElo "1623"]
[BlackElo "1511"]
[Opening "Sicilian defense"]
[ECO "B20"]
[NIC "SI.48"]
[Time "14:00:47"]
[PlyCount "83"]
[TimeControl "3600+5"]

1. e4 c5 2. d3 d6 3. Nd2 Nc6 4. Ngf3 Bd7 5. g3 Nf6 6. Bg2 e5 7. O-O Be7 8.
Re1 O-O 9. h3 b5 10. Nf1 a5 11. N3h2 Qc8 12. g4 Rd8 13. f4 a4 14. f5 Ne8 15.
Ne3 Nc7 16. c3 Qb7 17. Nf3 b4 18. g5 Rdb8 19. Nd5 Ne6 20. fxe6 fxe6 21.
Nxe7+ Nxe7 22. c4 Nc6 23. Nh4 b3 24. a3 Nd4 25. Rf1 Rf8 26. Bd2 Bc6 27. Bc3
Nc2 28. Qg4 Nxa1 29. Qxe6+ Kh8 30. Qxd6 Rxf1+ 31. Bxf1 Qd7 32. Qxe5 Re8 33.
Qxc5 Ba8 34. Nf5 Rg8 35. Nxg7 h6 36. Ne8+ Kh7 37. Nf6+ Kg6 38. Nxd7 Kh5 39.
Nf6+ Kh4 40. Nxg8 hxg5 41. Nf6 Kg3 42. Qf2# {Black checkmated} 1-0

[Event "ICC tourney 2802 (60 5)"]
[Site "Internet Chess Club"]
[Date "2022.01.23"]
[Round "5"]
[White "AYYAPPAN, SANTHOSH:SanthoshA"]
[Black "RADHAKRISHNAN, SHARATH:Sharathrk5"]
[Result "1/2-1/2"]
[ICCResult "Game drawn by mutual agreement"]
[WhiteElo "1643"]
[BlackElo "1528"]
[Opening "Catalan opening"]
[ECO "E00"]
[NIC "CA.01"]
[Time "14:00:14"]
[PlyCount "88"]
[TimeControl "3600+5"]

1. d4 Nf6 2. c4 e6 3. g3 d5 4. Nc3 Bb4 5. cxd5 exd5 6. Nf3 O-O 7. Bg2 Bf5 8.
O-O c5 9. dxc5 Bxc5 10. Nh4 Be6 11. Bg5 Nc6 12. Bxf6 Qxf6 13. Nxd5 Qxb2 14.
e4 Ne5 15. Rb1 Qxa2 16. Rxb7 Ng4 17. Qf3 Rab8 18. Rxb8 Rxb8 19. Nf5 Nxf2 20.
Rxf2 Rb1+ 21. Bf1 Qxf2+ 22. Qxf2 Bxf2+ 23. Kxf2 a5 24. Nd4 a4 25. Nc3 a3 26.
Nxe6 fxe6 27. Bc4 Rb2+ 28. Ke3 Kf7 29. h4 Kf6 30. Kd3 Ke5 31. Ke3 Kd6 32.
Kd4 e5+ 33. Kd3 Rg2 34. Ne2 Kc5 35. Bg8 Kb4 36. Ba2 Rh2 37. Bd5 Rh1 38. Kc2
Ra1 39. Nc1 h6 40. h5 Kb5 41. Be6 Kc6 42. g4 Kd6 43. Bc4 Ke7 44. Bd5 Kf6
{Game drawn by mutual agreement}
1/2-1/2

[Event "ICC tourney 2802 (60 5)"]
[Site "Internet Chess Club"]
[Date "2022.01.23"]
[Round "5"]
[White "LIU, ETHAN:soggydollar"]
[Black "Montanari, Laura:oceana88"]
[Result "1-0"]
[ICCResult "Black checkmated"]
[WhiteElo "1724"]
[BlackElo "1550"]
[Opening "Ruy Lopez: Archangelsk (counterthrust) variation"]
[ECO "C78"]
[NIC "RL.12"]
[Time "14:00:11"]
[PlyCount "45"]
[TimeControl "3600+5"]

1. e4 e5 2. Nf3 Nc6 3. Bb5 a6 4. Ba4 Nf6 5. O-O b5 6. Bb3 Bb7 7. Re1 Bc5 8.
c3 Bb6 9. d4 exd4 10. cxd4 O-O 11. Nc3 Na5 12. Bc2 d5 13. e5 Ne8 14. Bxh7+
Kh8 15. Bc2 c5 16. Ng5 g6 17. Qf3 Ng7 18. Nxf7+ Rxf7 19. Qxf7 Qh4 20. Re3
Bc8 21. Qf8+ Kh7 22. Rg3 cxd4 23. Bxg6# {Black checkmated} 1-0

[Event "ICC tourney 2802 (60 5)"]
[Site "Internet Chess Club"]
[Date "2022.01.23"]
[Round "5"]
[White "AMMASANI, SMAYAN:Chessamma"]
[Black "XIA, JOSHUA:MathMonkey"]
[Result "0-1"]
[ICCResult "White checkmated"]
[WhiteElo "1546"]
[BlackElo "1414"]
[Opening "Ruy Lopez: 5.O-O"]
[ECO "C78"]
[NIC "RL.12"]
[Time "14:00:13"]
[PlyCount "112"]
[TimeControl "3600+5"]

1. e4 e5 2. Nf3 Nc6 3. Bb5 a6 4. Ba4 Nf6 5. O-O b5 6. Bb3 Bc5 7. c3 d6 8. d4
Bb6 9. h3 O-O 10. Be3 exd4 11. cxd4 Nxe4 12. Bd5 Qe8 13. Qc2 Nb4 14. Qxe4
Qxe4 15. Bxe4 d5 16. Bd2 dxe4 17. Bxb4 exf3 18. Bxf8 Kxf8 19. Rd1 Bb7 20. g3
Rd8 21. d5 Rd6 22. Rd3 Rg6 23. Rxf3 Bxd5 24. Rd3 Be4 25. Rd8+ Ke7 26. Rd2
Rxg3+ 27. Kf1 Rxh3 28. Rd1 Bf3 29. Ke1 Rh1+ 30. Kd2 Rxd1+ 31. Kc2 h5 32. a4
h4 33. Ra3 Bg4 34. f3 h3 35. fxg4 h2 36. Rh3 h1=Q 37. Rxh1 Rxh1 38. Nc3 Rg1
39. axb5 axb5 40. Nxb5 Rxg4 41. Nc3 Rc4 42. b3 Rxc3+ 43. Kxc3 f5 44. Kd3 g5
45. Ke2 g4 46. Kf1 f4 47. b4 f3 48. b5 g3 49. Ke1 g2 50. Kd2 g1=Q 51. Kd3 f2
52. Ke4 f1=Q 53. Kd5 Qxb5+ 54. Ke4 Qd4+ 55. Kf3 Qbd3+ 56. Kg2 Qg1#
{White checkmated}
0-1

[Event "ICC tourney 2802 (60 5)"]
[Site "Internet Chess Club"]
[Date "2022.01.23"]
[Round "5"]
[White "LIU, JOSHUA:chessmaster0981"]
[Black "HOSSAIN, AZHER:Azher2009"]
[Result "1/2-1/2"]
[ICCResult "Game drawn by mutual agreement"]
[WhiteElo "1654"]
[BlackElo "1799"]
[Opening "Caro-Kann: exchange variation"]
[ECO "B13"]
[NIC "CK.02"]
[Time "14:00:18"]
[PlyCount "49"]
[TimeControl "3600+5"]

1. e4 c6 2. d4 d5 3. exd5 cxd5 4. Nf3 Nc6 5. c3 Nf6 6. Bf4 Bf5 7. Bb5 Qb6 8.
Qb3 e6 9. a4 a6 10. Bxc6+ Qxc6 11. Ne5 Qc8 12. Nd2 Be7 13. Ndf3 O-O 14. O-O
Nd7 15. Rfe1 f6 16. Nxd7 Qxd7 17. Re3 g5 18. Bg3 h5 19. h3 Bd6 20. Bxd6 Qxd6
21. Qd1 Bg6 22. Qe2 Kf7 23. Re1 Rfe8 24. Qd1 Qb6 25. Qe2
{Game drawn by mutual agreement}
1/2-1/2